 Dungeon Crawl Stone Soup version 0.27-a0-419-g7a85846853 (webtiles) character file.

Game seed: 1673322666810843808

89840 ReteAZ the Warrior (level 15, -3/144 HPs)
             Began as a Minotaur Gladiator on Feb 26, 2021.
             Was the Champion of Cheibriados.
             Slain by Jorgrun
             ... wielding a +0 vorpal quarterstaff
              (8 damage)
             ... on level 2 of the Shoals.
             The game lasted 00:41:36 (22993 turns).

ReteAZ the Warrior (Minotaur Gladiator)            Turns: 22993, Time: 00:41:37

Health: -3/144     AC: 20    Str: 44    XL:     15   Next: 50%
Magic:  20/20      EV: 27    Int: 27    God:    Cheibriados [******]
Gold:   1971       SH: 14    Dex: 29    Spells: 14/14 levels left

rFire    + . .     SeeInvis +   o - +7 demon blade of Immorality {venom, Str+6}
rCold    . . .     Faith    .   L - +1 buckler {AC+3}
rNeg     . . .     Spirit   .   U - +2 scale mail {Will+}
rPois    +         Reflect  +   R - +0 hat {SInv}
rElec    .         Harm     .   f - +0 cloak
rCorr    .         Rampage  .   a - +2 pair of gloves {Stlth+}
Will     ++++.                  A - +0 pair of boots
Stlth    ..........             W - amulet of Evaecayxt {Reflect Int+5 SH+5}
HPRegen  0.34/turn              y - +4 ring of evasion
MPRegen  0.17/turn              Y - ring "Siqas" {rPois rF+ Will++ Str+2 Stlth-}

@: grasped by roots, constricted, very slow
A: retaliatory headbutt, horns 2
a: Renounce Religion, Bend Time, Temporal Distortion, Slouch, Step From Time


You were on level 2 of the Shoals.
You worshipped Cheibriados.
Cheibriados was exalted by your worship.
You visited 5 branches of the dungeon, and saw 23 of its levels.
You also visited: Gauntlet and Ice Cave.

You collected 3531 gold pieces.
You spent 1560 gold pieces at shops.

Inventory:

Hand Weapons
 o - the +7 demon blade of Immorality (weapon) {venom, Str+6}
   (You acquired it on level 2 of the Orcish Mines)

   It poisons the flesh of those it strikes.
   It affects your strength (+6).
 E - a +3 long sword of freezing
 Q - a +2 scimitar of flaming
Missiles
 d - 8 throwing nets (quivered)
 Z - 18 silver javelins
Armour
 a - a +2 pair of gloves of stealth (worn)
 f - a +0 cloak (worn)
 A - a +0 pair of boots (worn)
 L - a +1 buckler of protection (worn)
 R - a +0 hat of see invisible (worn)
 U - a +2 scale mail of willpower (worn)
Jewellery
 t - a ring of ice
 y - a +4 ring of evasion (left hand)
 W - the amulet of Evaecayxt (around neck) {Reflect Int+5 SH+5}
   (You found it in a Gauntlet)

   [amulet of reflection]

   It shields you and reflects attacks.
   It affects your intelligence (+5).
   It affects your SH (+5).
 X - the ring "Citegup" {rElec rN+ MP+9 Int+2 Dex-4}
   (You found it in a Gauntlet)

   [ring of magical power]

   It affects your intelligence (+2).
   It affects your dexterity (-4).
   It insulates you from electricity.
   It protects you from negative energy.
   It affects your magic capacity (+9).
 Y - the ring "Siqas" (right hand) {rPois rF+ Will++ Str+2 Stlth-}
   (You took it off a minotaur in a Gauntlet)

   [ring of protection from fire]

   It affects your strength (+2).
   It protects you from fire.
   It protects you from poison.
   It affects your willpower, your defense against some magical effects.
   It makes you less stealthy.
Wands
 c - a wand of mindburst (20)
 n - a wand of digging (5)
 v - a wand of paralysis (5)
 F - a wand of flame (6)
 J - a wand of charming (7)
 S - a wand of acid (3)
 V - a wand of iceblast (5)
Scrolls
 e - 2 scrolls of fear
 h - 6 scrolls of amnesia
 j - 9 scrolls of identify
 p - 8 scrolls of teleportation
 q - 8 scrolls of enchant armour
 r - a scroll of summoning
 s - 3 scrolls of enchant weapon
 w - 2 scrolls of fog
 z - 2 scrolls of blinking
 H - a scroll of torment
Potions
 b - a potion of magic
 i - 2 potions of brilliance
 k - 3 potions of mutation
 l - 8 potions of curing
 m - 3 potions of attraction
 u - a potion of cancellation
 x - 2 potions of resistance
 B - 2 potions of might
 D - 3 potions of flight
 G - 2 potions of lignification
 K - 3 potions of ambrosia
 M - a potion of invisibility
 P - 2 potions of heal wounds
Miscellaneous
 g - a tin of tremorstones (inert)


   Skills:
 + Level 16.1 Fighting
 + Level 15.2 Long Blades
 - Level 2.0 Throwing
 - Level 12.0 Armour
 - Level 12.0 Dodging
 + Level 8.0 Shields
 - Level 8.0 Invocations
 - Level 10.0 Evocations


You had 14 spell levels left.
You didn't know any spells.
Your spell library contained the following spells:

 Spells                   Type           Power        Failure   Level
 Magic Dart               Conj           0%           17%         1
 Blink                    Tloc           N/A          26%         2
 Call Imp                 Summ           0%           26%         2
 Searing Ray              Conj           0%           26%         2
 Slow                     Hex            0%           26%         2
 Confusing Touch          Hex            0%           45%         3
 Conjure Flame            Conj/Fire      0%           45%         3
 Dazzling Flash           Conj/Hex       0%           45%         3
 Gell's Gravitas          Tloc           0%           45%         3
 Ignite Poison            Fire/Tmut/Pois 0%           45%         3
 Mephitic Cloud           Conj/Pois/Air  0%           45%         3
 Fulminant Prism          Conj/Hex       0%           86%         4
 Iskenderun's Mystic Bla  Conj/Tloc      0%           86%         4
 Petrify                  Tmut/Erth      0%           86%         4
 Fireball                 Conj/Fire      0%           99%         5
 Metabolic Englaciation   Hex/Ice        0%           99%         5
 Yara's Violent Unravell  Hex/Tmut       0%           99%         5
 Starburst                Conj/Fire      0%           100%        6
 Ignition                 Fire           0%           100%        8


Dungeon Overview and Level Annotations

Branches:
Dungeon (12/15)            Temple (1/1) D:4            Lair (6/6) D:11
 Shoals (2/4) Lair:4        Snake (0/4) Lair:2        Slime (0/5) Lair:5
    Orc (2/2) D:11            Elf (0/3) Orc:2         IceCv (visited)
Gauntlet (visited)

Altars:
Cheibriados
Elyvilon
Fedhas
Gozag
Kikubaaqudgha
Makhleb
Okawaru
Sif Muna
Trog
Uskayaw
Vehumet
Wu Jian
The Shining One

Shops:
Orc:2 ?!:(*

Annotations:
D:4 2 transporters, Zero's ghost, novice SpEn
D:5 1 runed translucent door, TimeIsEndless's ghost, novice FoFi
Shoals:2 Jorgrun


Innate Abilities, Weirdness & Mutations

You reflexively headbutt those who attack you in melee.
You have a pair of horns on your head.


Message History

Jorgrun is lightly wounded.
You block Jorgrun's attack. The grasping roots constrict you.
You slash Jorgrun!
Jorgrun looks as sick as possible!
Your headbutt misses Jorgrun.
Jorgrun is moderately wounded.
The snapping turtle misses you. You furiously retaliate!
You headbutt the snapping turtle, but do no damage.
Aiming: Corrosive Bolt
Press: ? - help, Shift-Dir - straight line, f - Jorgrun
Aim: Jorgrun, wielding a +0 vorpal quarterstaff and wearing a +0 robe (moderately wounded, extremely poisoned, 40% to evade)
The bolt of acid hits Jorgrun!!
Jorgrun is splashed with acid.
The acid corrodes Jorgrun!
Jorgrun is heavily wounded.
Jorgrun points at you and mumbles some strange words.
You resist with almost no effort. The grasping roots constrict you.
You block the snapping turtle's attack.
Aiming: Corrosive Bolt
Press: ? - help, Shift-Dir - straight line, f/p - Jorgrun
Aim: Jorgrun, wielding a +0 vorpal quarterstaff and wearing a +0 robe (heavily wounded, extremely poisoned, covered in acid, 40% to evade)
The bolt of acid misses Jorgrun.
Jorgrun completely misses you. You furiously retaliate!
You headbutt Jorgrun! The grasping roots constrict you.
The snapping turtle closely misses you. You furiously retaliate!
You headbutt the snapping turtle!
Aiming: Corrosive Bolt
Press: ? - help, Shift-Dir - straight line, f/p - Jorgrun
Aim: Jorgrun, wielding a +0 vorpal quarterstaff and wearing a +0 robe (heavily wounded, extremely poisoned, covered in acid, 40% to evade)
The bolt of acid hits Jorgrun!!
Jorgrun is splashed with acid.
Jorgrun seems to be corroded for longer.
Jorgrun is severely wounded.
Jorgrun points at you and mumbles some strange words.
The iron shot hits you!! The grasping roots constrict you!
The snapping turtle completely misses you.
You furiously retaliate!
You headbutt the snapping turtle!! You slice Jorgrun!!
Jorgrun looks as sick as possible!
Your headbutt misses Jorgrun.
Jorgrun is almost dead.
Jorgrun casts a spell at you. The iron shot hits you!!!
* * * LOW HITPOINT WARNING * * *
You die...

####.$≈≈≈≈≈≈≈P≈
......$.≈≈≈≈≈...
...≈≈≈..≈≈≈≈≈...
.≈≈≈≈≈≈.≈≈≈≈≈P≈P
≈≈≈P≈≈≈≈≈≈≈≈≈PP≈
≈≈≈P≈≈≈.≈≈≈.PPP≈
#P≈≈≈≈gt)..PPP.
.##≈≈..†@##
.......)..##.P≈
..≈≈≈≈≈<.....≈≈
≈≈≈≈≈≈≈....PP≈≈
≈≈≈≈≈.≈≈≈..≈≈...
≈≈≈≈≈.≈≈≈≈≈≈≈..≈
.≈≈≈≈≈≈≈≈P≈P≈≈≈≈
..≈≈.≈≈P≈≈P..≈≈≈
..>≈≈≈P≈≈PP≈P≈<


You could see Jorgrun (extremely poisoned, corroded) and a snapping turtle.

Vanquished Creatures
  Gastronok (D:8)
  A reaper (IceCv)
  A minotaur (Gauntlet)
  Snorg (Lair:3)
  An ettin (Orc:1)
  2 merfolk impalers (Shoals:1)
  Harold (Lair:1)
  6 hydras
  4 merfolk avatars
  A merfolk aquamancer (Shoals:1)
  Erica (D:8)
  A catoblepas (Lair:3)
  An alligator snapping turtle (Shoals:1)
  Urug (D:10)
  12 death yaks
  5 two-headed ogres
  A centaur warrior (Orc:2)
  A sixfirhy (Gauntlet)
  An unseen horror (D:12)
  3 sea snakes
  A harpy (Shoals:2)
  A death drake (Gauntlet)
  A wolf spider zombie (Gauntlet)
  2 orc knights (Orc:2)
  3 manticores
  2 oklob plants (D:11)
  2 cyclopes
  4 slime creatures
  A centaur zombie (D:10)
  2 ice statues (IceCv)
  11 elephants
  6 fauns
  A black mamba (Lair:3)
  5 merfolk sirens
  6 cane toads
  2 torpor snails
  A gargoyle (D:11)
  Psyche (D:8)
  12 komodo dragons
  7 rime drakes
  8 ice devils
  A harpy zombie (Gauntlet)
  3 merfolk
  2 trolls
  9 polar bears
  7 hornets
  3 wind drakes
  23 blink frogs
  5 dream sheep
  A snapping turtle (Shoals:1)
  3 flying skulls (Gauntlet)
  Sigmund (D:4)
  2 shadows
  2 wraiths (D:12)
  25 yaks
  20 wyverns
  Eustachio (D:6)
  9 basilisks
  4 wargs (Orc:2)
  3 vampire mosquitoes (D:12)
  4 nagas (Lair:2)
  12 water moccasins
  Duvessa (D:4)
  A hell hound (Lair:5)
  34 orc warriors
  4 ice beasts
  A necrophage (D:8)
  15 wolves
  An eye of draining (D:11)
  3 black bears
  9 ogres
  10 centaurs
  2 phantoms
  3 kobold brigands
  13 bullfrogs
  Blork the orc (D:5)
  A wyvern zombie (D:11)
  Dowan (D:4)
  A water moccasin zombie (D:10)
  A wyvern skeleton (D:8)
  5 scorpions
  8 killer bees (D:8)
  6 wights (D:7)
  4 howler monkeys
  7 electric eels
  A bullfrog zombie (D:11)
  2 quasits
  7 jellies
  5 hounds
  11 orc priests
  5 bullfrog skeletons
  10 worker ants
  Jessica (D:2)
  2 centaur skeletons
  5 iguanas
  23 orc wizards
  11 hell rats (Lair:5)
  2 hound skeletons
  2 worker ant zombies
  Robin (D:4)
  A howler monkey skeleton (D:4)
  13 adders
  A shadow imp (D:8)
  12 white imps
  14 ufetubi
  An adder zombie (D:7)
  2 oozes
  2 adder skeletons
  2 worms (D:3)
  2 leopard geckos
  66 orcs
  5 giant cockroaches
  14 goblins
  3 hobgoblins
  15 jackals
  4 quokkas
  4 ball pythons
  4 bats
  4 frilled lizards
  A goblin skeleton (D:8)
  A goblin zombie (D:8)
  2 hobgoblin zombies (D:8)
  17 kobolds
  A kobold skeleton (D:8)
  A kobold zombie (D:8)
  A leopard gecko skeleton (D:4)
  2 orc skeletons (D:8)
  2 orc zombies (D:8)
  A quokka skeleton (D:7)
  2 rats
685 creatures vanquished.

Vanquished Creatures (others)
  An orc wizard (Orc:2)
  2 white imps (IceCv)
  4 ufetubi (IceCv)
  44 fungi
  73 plants
124 creatures vanquished.

Grand Total: 809 creatures vanquished

Notes
Turn   | Place    | Note
-------+----------+-------------------------------------------
     0 | D:1      | ReteAZ the Minotaur Gladiator began the quest for the Orb.
     0 | D:1      | Reached XP level 1. HP: 18/18 MP: 0/0
    82 | D:1      | Found a burning altar of Makhleb.
   172 | D:1      | Reached XP level 2. HP: 21/25 MP: 1/1
   324 | D:1      | You fall into a shaft and drop 1 floor!
   329 | D:2      | Noticed Jessica
  1139 | D:2      | Reached skill level 3 in Fighting
  1320 | D:2      | Killed Jessica
  1321 | D:2      | Reached XP level 3. HP: 31/31 MP: 2/2
  1778 | D:3      | Reached XP level 4. HP: 35/38 MP: 3/3
  1791 | D:3      | Reached skill level 5 in Long Blades
  1872 | D:3      | Reached skill level 1 in Shields
  2245 | D:3      | Reached XP level 5. HP: 42/46 MP: 4/4
  3090 | D:4      | Noticed Duvessa
  3090 | D:4      | Noticed Dowan
  3099 | D:4      | Killed Duvessa
  3100 | D:4      | Reached skill level 4 in Fighting
  3100 | D:4      | Reached XP level 6. HP: 51/52 MP: 5/5
  3110 | D:4      | HP: 1/52 [Dowan/shard of ice (21)]
  3121 | D:4      | Killed Dowan
  3585 | D:4      | Found a staircase to the Ecumenical Temple.
  3598 | D:4      | Found a transporter.
  3610 | Temple   | Entered the Ecumenical Temple
  3618 | Temple   | Became a worshipper of Cheibriados the Contemplative
  3727 | D:4      | Noticed Zero's ghost (novice SpEn)
  3858 | D:4      | Reached XP level 7. HP: 48/60 MP: 6/6
  3941 | D:4      | Reached skill level 5 in Dodging
  4117 | D:4      | Found a transporter.
  4150 | D:4      | Noticed Sigmund
  4158 | D:4      | Killed Sigmund
  4159 | D:4      | Reached skill level 5 in Fighting
  4275 | D:4      | Noticed Robin
  4284 | D:4      | Killed Robin
  4295 | D:4      | Reached * piety under Cheibriados
  4575 | D:5      | Entered Level 5 of the Dungeon
  4803 | D:5      | Reached XP level 8. HP: 54/69 MP: 7/7
  5033 | D:5      | Found a white marble altar of Elyvilon.
  5090 | D:5      | Noticed Blork the orc
  5094 | D:5      | Killed Blork the orc
  5278 | D:5      | Reached skill level 6 in Fighting
  5527 | D:5      | Found a runed translucent door.
  5528 | D:5      | Noticed TimeIsEndless's ghost (novice FoFi)
  6203 | D:7      | Reached ** piety under Cheibriados
  6262 | D:7      | Reached skill level 10 in Long Blades
  6266 | D:7      | Reached skill level 7 in Fighting
  6268 | D:7      | Found a shimmering blue altar of Sif Muna.
  6458 | D:7      | Found an ancient bone altar of Kikubaaqudgha.
  6564 | D:6      | Noticed Eustachio
  6572 | D:6      | Killed Eustachio
  6573 | D:6      | Reached XP level 9. HP: 75/79 MP: 8/8
  7824 | D:8      | Noticed Psyche
  7831 | D:7      | Reached *** piety under Cheibriados
  7914 | D:8      | Reached skill level 8 in Fighting
  8011 | D:8      | Killed Psyche
  8108 | D:8      | Noticed Gastronok
  8182 | D:9      | Reached XP level 10. HP: 90/90 MP: 9/9
  8265 | D:9      | Found a hide-covered altar of Uskayaw.
  8265 | D:9      | Found a faded altar of an unknown god.
  8272 | D:9      | Found a faded altar of an unknown god.
  8274 | D:9      | Found a blossoming altar of Fedhas.
  8276 | D:9      | Found a radiant altar of Vehumet.
  8402 | D:9      | Reached **** piety under Cheibriados
  8606 | D:9      | Reached skill level 9 in Fighting
  8810 | D:10     | Entered Level 10 of the Dungeon
  8976 | D:10     | Noticed Urug
  8988 | D:10     | Killed Urug
  9141 | D:10     | Reached ***** piety under Cheibriados
  9410 | D:10     | Reached skill level 10 in Fighting
  9699 | D:8      | Noticed Erica
  9704 | D:8      | Killed Erica
  9705 | D:8      | Reached XP level 11. HP: 99/100 MP: 10/10
  9705 | D:8      | Found a glowing golden altar of the Shining One.
  9771 | D:8      | Killed Gastronok
  9772 | D:8      | Reached skill level 11 in Fighting
  9772 | D:8      | Reached skill level 10 in Dodging
 10156 | D:8      | Found an iron altar of Okawaru.
 10157 | D:8      | Found a bloodstained altar of Trog.
 10425 | D:11     | Noticed a two-headed ogre
 10432 | D:11     | Killed a two-headed ogre
 10584 | D:11     | Noticed an oklob plant
 10599 | D:11     | Found a staircase to the Orcish Mines.
 10605 | D:11     | Found a staircase to the Lair.
 10610 | D:11     | Reached ****** piety under Cheibriados
 10616 | D:11     | Reached skill level 12 in Fighting
 10622 | D:11     | Noticed an oklob plant
 10632 | D:11     | Reached skill level 1 in Armour
 10996 | D:11     | Killed an oklob plant
 11194 | D:11     | Noticed a two-headed ogre
 11205 | D:11     | Killed a two-headed ogre
 11664 | D:11     | Killed an oklob plant
 11737 | D:12     | Noticed an unseen horror
 11741 | D:12     | Killed an unseen horror
 11822 | D:12     | Noticed a two-headed ogre
 11835 | D:12     | Killed a two-headed ogre
 11836 | D:12     | Reached XP level 12. HP: 110/113 MP: 9/11
 11866 | D:11     | Reached skill level 5 in Armour
 11961 | D:12     | Reached skill level 13 in Fighting
 12001 | D:12     | Found an opulent altar of Gozag.
 12141 | D:12     | Noticed a two-headed ogre
 12144 | D:12     | Killed a two-headed ogre
 12445 | Lair:1   | Entered Level 1 of the Lair of Beasts
 12471 | Lair:1   | Noticed Harold
 12480 | Lair:1   | Killed Harold
 12853 | Lair:1   | Noticed a death yak
 12853 | Lair:1   | Noticed a death yak
 12853 | Lair:1   | Noticed a death yak
 12853 | Lair:1   | Noticed a death yak
 12862 | Lair:1   | Killed a death yak
 12868 | Lair:1   | Killed a death yak
 12869 | Lair:1   | Reached skill level 14 in Fighting
 12873 | Lair:1   | Killed a death yak
 12879 | Lair:1   | Killed a death yak
 13399 | Lair:2   | Noticed a six-headed hydra
 13402 | Lair:2   | Killed a five-headed hydra
 13683 | Lair:2   | Found a staircase to the Snake Pit.
 14360 | Lair:3   | Noticed a five-headed hydra
 14366 | Lair:3   | Killed a two-headed hydra
 14367 | Lair:3   | Reached XP level 13. HP: 108/125 MP: 9/12
 14383 | Lair:3   | Reached skill level 10 in Armour
 14486 | Lair:3   | Reached skill level 15 in Fighting
 14816 | Lair:3   | Noticed Snorg
 14822 | Lair:3   | Killed Snorg
 15306 | Lair:4   | Found a staircase to the Shoals.
 15444 | Lair:4   | Reached skill level 5 in Invocations
 15961 | Lair:5   | Found a gate leading to a gauntlet.
 15976 | Gauntlet | Entered a Gauntlet
 15976 | Gauntlet | Found a transporter.
 15976 | Gauntlet | Found a transporter.
 15982 | Gauntlet | Found a transporter.
 15999 | Gauntlet | Found a transporter.
 16012 | Gauntlet | Found a transporter.
 16012 | Gauntlet | Found a transporter.
 16012 | Gauntlet | Found a transporter.
 16014 | Gauntlet | Found a transporter.
 16014 | Gauntlet | Found a transporter.
 16026 | Gauntlet | Found a transporter.
 16042 | Gauntlet | Found a transporter.
 16052 | Gauntlet | Found a transporter.
 16066 | Gauntlet | Found a transporter.
 16086 | Gauntlet | Found a transporter.
 16173 | Gauntlet | Identified the +0 buckler of Charity {Int+3}
 16201 | Gauntlet | Reached skill level 1 in Evocations
 16204 | Gauntlet | Identified the amulet of Evaecayxt {Reflect Int+5 SH+5}
 16210 | Gauntlet | Identified the ring "Citegup" {rElec rN+ MP+9 Int+2 Dex-4}
 16357 | Gauntlet | Identified the ring "Siqas" {rPois rF+ Will++ Str+2 Stlth-}
 16357 | Gauntlet | Noticed a minotaur
 16368 | Gauntlet | Killed a minotaur
 16378 | Gauntlet | Identified the +5 scale mail "Niets" {Harm Int+7}
 16510 | Lair:5   | Found a staircase to the Slime Pits.
 16588 | Lair:5   | Reached XP level 14. HP: 132/135 MP: 19/19
 16693 | Lair:5   | Reached skill level 5 in Evocations
 17272 | Lair:6   | Entered Level 6 of the Lair of Beasts
 17870 | Lair:6   | Reached skill level 10 in Evocations
 18789 | Orc:1    | Entered Level 1 of the Orcish Mines
 19059 | Orc:1    | Found a frozen archway.
 19099 | IceCv    | Entered an ice cave
 19761 | IceCv    | Reached skill level 5 in Shields
 19973 | IceCv    | Noticed a reaper
 19980 | IceCv    | Killed a reaper
 20239 | Orc:1    | Reached XP level 15. HP: 78/141 MP: 20/20
 20632 | Orc:2    | Entered Level 2 of the Orcish Mines
 20830 | Orc:2    | Found Jon Muv's Magic Scroll Emporium.
 21522 | Orc:2    | Found a staircase to the Elven Halls.
 21564 | Orc:2    | Found Gypou's Book Boutique.
 21564 | Orc:2    | Found Irarhac's Antique Weapon Emporium.
 21566 | Orc:2    | Found Fubic's General Store.
 21568 | Orc:2    | Found Kufen's Distillery.
 21585 | Orc:2    | Bought a scroll of acquirement for 832 gold pieces
 21613 | Orc:2    | Bought a scroll of acquirement for 728 gold pieces
 21613 | Orc:2    | Acquired the +7 demon blade of Immorality {venom, Str+6}
 21614 | Orc:2    | Acquired 1296 gold pieces
 21782 | Shoals:1 | Entered Level 1 of the Shoals
 22339 | Shoals:1 | Reached skill level 15 in Long Blades
 22511 | Shoals:1 | Reached skill level 16 in Fighting
 22975 | Shoals:2 | Noticed Jorgrun
 22993 | Shoals:2 | HP: 5/144 [Jorgrun/iron shot (41)]
 22993 | Shoals:2 | Slain by Jorgrun

Illustrated notes

Levels and vault maps discovered:
D:1:      ncdulo_halloftheorcs, layout_basic, serial_forest,
          infiniplex_forest_clump_cross, infiniplex_forest_lined_2,
          infiniplex_forest_clump_small, infiniplex_forest_lined_room_2,
          infiniplex_forest_clump_medium, infiniplex_forest_clump_long,
          infiniplex_forest_end_3, kennysheep_flooded_box
D:2:      layout_basic, uniq_jessica
D:3:      layout_loops_corners
D:4:      layout_basic, temple_green, gammafunk_ghost_stat_death,
          kennysheep_nub, uniq_duvessa, uniq_sigmund, uniq_robin
D:5:      layout_gridville, elyvilon_altar_3, ebering_ghost_inner_flame,
          uniq_blork_the_orc
D:6:      layout_basic, uniq_eustachio
D:7:      layout_basic, grunt_temple_overflow_open
D:8:      layout_basic, grunt_temple_overflow_bloody_war,
          nicolae_tso_besieged_by_evil, uniq_gastronok, uniq_erica, uniq_psyche
D:9:      layout_big_octagon, chequers_temple_overflow_minitemple
D:10:     layout_loops_ring, uniq_urug
D:11:     layout_basic, dpeg_oklobed_lair
D:12:     layout_rooms, minmay_misc_feat_rows, grunt_ogre_cave,
          grunt_gozag_statues
Temple:   dpeg_chambers_temple
Lair:1:   layout_cave_pods, infiniplex_staircase_pool_2, uniq_harold
Lair:2:   layout_gridlike, minmay_snake_entry_guardpost_small,
          lemuel_fruit_tree, grunt_megastairs_5
Lair:3:   layout_roguey, uniq_snorg
Lair:4:   layout_roguey, elwin_shoals_entry_stream
Lair:5:   layout_concentric_octagons, slime_dummy, gauntlet_entry_generic,
          special_room [special_room_mythical_zoo]
Lair:6:   gammafunk_lair_ancient_temple, layout_regular_city, disabler_island
Shoals:1: cheibrodos_shoals_epimethial_gifts, layout_shoals
Shoals:2: layout_shoals, uniq_frances, uniq_jorgrun
Orc:1:    layout_diamond_mine, portal_ice_cave_demonic_guard,
          guppyfry_library_mini
Orc:2:    st_orc_rangers, layout_diamond_mine, serial_shops, shop_scrolls

Skill      XL: |  1  2  3  4  5  6  7  8  9 10 11 12 13 14 15 |
---------------+----------------------------------------------+-----
Long Blades    | 4 5 6 8 10 12 13 14 15 | 15.2
Fighting       | 3 4 5 7 8 10 12 14 15 16 | 16.1
Dodging        | 4 5 6 8 9 11 12 | 12.0
Shields        | 1 2 3 4 5 8 |  8.0
Armour         | 4 9 12 | 12.0
Invocations    | 8 |  8.0
Evocations     | 3 10 | 10.0
Throwing       | |  2.0

Action                   |  1- 3 |  4- 6 |  7- 9 | 10-12 | 13-15 || total
-------------------------+-------+-------+-------+-------+-------++-------
Melee: Long sword        |    38 |   119 |   251 |   341 |       ||   749
       Headbutt          |     8 |    17 |    75 |   168 |   322 ||   590
       Scimitar          |       |       |       |    41 |   622 ||   663
       Demon blade       |       |       |       |       |    92 ||    92
Throw: Throwing net      |       |     1 |     1 |     1 |       ||     3
       Dart              |       |       |       |     8 |       ||     8
Invok: Slouch            |       |       |       |       |     2 ||     2
Evoke: Wand              |       |       |       |       |    27 ||    27
       Tin of tremorston |       |       |       |       |     2 ||     2
  Use: Potion            |       |     2 |       |       |     1 ||     3
       Scroll            |       |       |       |       |    28 ||    28
 Stab: Held in net/web   |       |     1 |       |     1 |       ||     2
Armor: Leather armour    |     6 |       |       |       |       ||     6
       Ring mail         |     3 |    28 |    45 |       |       ||    76
       Skin              |       |     5 |       |       |       ||     5
       Chain mail        |       |       |    11 |    40 |       ||    51
       Scale mail        |       |       |       |    23 |   145 ||   168
       Troll leather arm |       |       |       |     3 |       ||     3
Dodge: Dodged            |    32 |    54 |   191 |   336 |   592 ||  1205
Block: Buckler           |       |    19 |    60 |   113 |   470 ||   662
       Reflection        |       |       |       |       |    64 ||    64
       Rpst.: Long sword |    10 |    12 |    44 |    67 |       ||   133
       Scimitar          |       |       |       |    10 |   106 ||   116
       Demon blade       |       |       |       |       |     2 ||     2

Table legend: (Time is in decaauts)
 A = Elapsed time spent in this place.
 B = Non-inter-level travel time spent in this place.
 C = Inter-level travel time spent in this place.
 D = Time resting spent in this place.
 E = Time spent auto-exploring this place.
 F = Levels seen in this place.
 G = Mean time per level.
                   A        B        C        D        E       F      G
               +--------+--------+--------+--------+--------+-----+--------+
         Total |  32959 |  31228 |   1731 |   3055 |  23139 |  25 | 1318.4 |
       Dungeon |  16282 |  15389 |    893 |   1236 |  11908 |  12 | 1356.8 |
        Temple |     18 |      9 |      9 |      0 |      0 |   1 |   18.0 |
          Lair |  10125 |   9423 |    702 |    409 |   7882 |   6 | 1687.5 |
        Shoals |   1786 |   1786 |      0 |    260 |    967 |   2 |  893.0 |
  Orcish Mines |   2861 |   2735 |    126 |    293 |   1927 |   2 | 1430.5 |
      Ice Cave |   1272 |   1272 |      0 |    743 |    184 |   1 | 1272.0 |
      Gauntlet |    613 |    613 |      0 |    114 |    270 |   1 |  613.0 |
               +--------+--------+--------+--------+--------+-----+--------+

Top non-repeatable levels by time:
    D:11: 2069 daAuts
  Lair:6: 1967 daAuts
  Lair:5: 1921 daAuts
Shoals:1: 1771 daAuts
  Lair:1: 1700 daAuts
   Orc:2: 1678 daAuts
  Lair:2: 1664 daAuts
     D:3: 1536 daAuts
     D:4: 1497 daAuts
     D:7: 1473 daAuts
  Lair:3: 1437 daAuts
  Lair:4: 1432 daAuts
    D:10: 1430 daAuts
     D:6: 1405 daAuts
     D:5: 1404 daAuts
